 Dungeon Crawl Stone Soup version 0.25.0-46-gbd7b0854d2 (webtiles) character file.

Game seed: 10275600826005130914

116 Kniotic the Insei (level 4, -1/35 HPs)
             Began as a Demonspawn Monk on July 15, 2020.
             Slain by an orc wizard
             ... wielding a +3 dagger
              (7 damage)
             ... on level 5 of the Dungeon.
             The game lasted 00:06:39 (2721 turns).

Kniotic the Insei (Demonspawn Monk)                 Turns: 2721, Time: 00:06:39

Health: -1/35      AC:  4    Str: 12    XL:     4   Next: 69%
Magic:  4/4        EV: 13    Int: 11    God:
Gold:   138        SH:  0    Dex: 16    Spells: 3/3 levels left

rFire    . . .     SeeInvis .     - Unarmed
rCold    . . .     Gourm    .   (no shield)
rNeg     . . .     Faith    .   a - +1 robe
rPois    .         Spirit   .   h - +0 hat
rElec    .         Reflect  .   n - +0 cloak
rCorr    +         Harm     .   (no gloves)
MR       .....                  (no boots)
Stlth    ++........             (no amulet)
HPRegen  0.11/turn              d - ring of resist corrosion
MPRegen  0.09/turn              (no ring)

@: lightly drained
A: powered by death 2
a: no special abilities


You were on level 5 of the Dungeon.
You were not hungry.

You visited 1 branch of the dungeon, and saw 5 of its levels.

You collected 138 gold pieces.

Inventory:

Armour
 a - a +1 robe (worn)
 h - a +0 hat (worn)
 n - a +0 cloak (worn)
Jewellery
 d - a ring of resist corrosion (left hand)
Scrolls
 f - 3 scrolls of identify
 i - 3 scrolls of magic mapping {unknown}
 j - a scroll of fog
 k - a scroll of noise {unknown}
 m - a scroll of enchant armour
Potions
 c - a potion of might {unknown}
 e - a potion of curing
 l - a potion of ambrosia {unknown}
Comestibles
 b - 3 rations


   Skills:
 - Level 3.0(2.5) Fighting
 - Level 2.6(2.2) Dodging
 - Level 1.7(1.3) Stealth
 + Level 5.0(4.6) Unarmed Combat


You had 3 spell levels left.
You didn't know any spells.
Your spell library was empty.

Dungeon Overview and Level Annotations

Branches:
Dungeon (5/15)
 Temple: D:4-7

Altars:
Elyvilon

Annotations:
D:3 1 transporter, Terence


Innate Abilities, Weirdness & Mutations

You regenerate health from kills.


Message History

* * * LOW HITPOINT WARNING * * *
You closely miss something.
You hear some strange, mumbled words.
You are confused.
Something barely misses you.
You miss something. Something hits you but does no damage.
You closely miss something. Something hits you.
* * * LOW HITPOINT WARNING * * *
You feel less confused.
An orc wizard appears from thin air!
Reactivating autopickup.
The orc wizard hits you but does no damage.
You barely miss the orc wizard.
The orc wizard is heavily wounded.
The orc wizard hits you with a +3 dagger.
* * * LOW HITPOINT WARNING * * *
You hit the orc wizard.
The orc wizard is almost dead.
The orc wizard hits you with a +3 dagger!
You die...

##### #...# ....
#...#.........
#...#.........
+...#.........
...#........ ...
####)##....... ....
#..........# ....
#..o@......# .....
#..........#+#.....
#..................
#.........#........
####+######...#....
.............# ...
.............#
........<....#
#.......######


You could see an orc wizard.

Vanquished Creatures
  An orc priest (D:5)
  3 adders
  A worm (D:2)
  A dart slug (D:2)
  6 orcs
  4 giant cockroaches
  6 hobgoblins
  A quokka (D:3)
  4 bats
  3 frilled lizards
  7 goblins
  5 kobolds
  9 rats
51 creatures vanquished.

Vanquished Creatures (others)
  A giant cockroach (D:2)
  A goblin (D:2)
2 creatures vanquished.

Grand Total: 53 creatures vanquished

Notes
Turn   | Place    | Note
-------+----------+-------------------------------------------
     0 | D:1      | Kniotic the Demonspawn Monk began the quest for the Orb.
     0 | D:1      | Reached XP level 1. HP: 18/18 MP: 1/1
   344 | D:1      | Reached skill level 3 in Unarmed Combat
   560 | D:1      | Gained mutation: You regenerate a little health from kills.
                  | [demonic ancestry]
   560 | D:1      | Reached XP level 2. HP: 21/24 MP: 2/2
  1088 | D:2      | Reached XP level 3. HP: 6/29 MP: 3/3
  1373 | D:2      | Reached skill level 4 in Unarmed Combat
  1531 | D:2      | Found a white marble altar of Elyvilon.
  1899 | D:2      | Found a faded altar of an unknown god.
  2097 | D:3      | Noticed Terence
  2190 | D:3      | Gained mutation: You regenerate health from kills. [demonic
                  | ancestry]
  2190 | D:3      | Reached XP level 4. HP: 29/35 MP: 4/4
  2287 | D:3      | Found a transporter.
  2511 | D:5      | Entered Level 5 of the Dungeon
  2710 | D:5      | Reached skill level 5 in Unarmed Combat
  2721 | D:5      | Slain by an orc wizard

Illustrated notes

Levels and vault maps discovered:
D:1:      matt_arrival_refuge, layout_basic, chequers_serial_rivers_room_b,
          minmay_tetromino_t4
D:2:      layout_loops_cross, chequers_ecumenical_altar_simple, elyvilon_altar_4
D:3:      gammafunk_wand_slinger, layout_loops_cross, marbit_many_paths,
          grunt_ministairs_5, uniq_terence
D:4:      layout_rooms, kennysheep_little_box, first_ration, serial_shops, shop,
          uniq_blork_the_orc
D:5:      layout_gridville, grunt_qazlal_clouds, serial_shops,
          nicolae_shop_stone, kennysheep_mini, kennysheep_mini_moat,
          uniq_duvessa, uniq_sigmund, uniq_menkaure, uniq_ijyb

Skill      XL: |  1  2  3  4 |
---------------+-------------+-----
Unarmed Combat | 3 4 5 |  5.0
Fighting       | |  3.0
Dodging        | |  2.6
Stealth        | |  1.7

Action                   |  1- 3 |  4- 6 || total
-------------------------+-------+-------++-------
Melee: Unarmed           |   162 |    68 ||   230
       Punch             |     2 |       ||     2
  Use: Scroll            |     6 |       ||     6
       Potion            |     1 |       ||     1
 Stab: Sleeping          |     7 |     1 ||     8
  Eat: Chunk             |     4 |       ||     4
       Ration            |       |     1 ||     1
Armor: Robe              |    23 |    14 ||    37
Dodge: Dodged            |    94 |    34 ||   128
